Pick #1

Connor Bedard
Pick #2

Leo Carlsson
Pick #3

Adam Fantilli
Pick #4

Matvei Michkov
Pick #5

David Reinbacher
Pick #6

William Smith
Pick #7

Zachary Benson
Pick #8

Ryan Leonard
Pick #9

Gabriel Perreault
Pick #10

Axel Sandin-Pellika
Pick #11

Daniil But
Pick #12

Dalibor Dvorsky
Pick #13

Quentin Musty
Pick #14

Brayden Yager
Pick #15

Dmitry Simashev
Pick #16

Colby Barlow
Pick #17

Andrew Cristall
Pick #18

Easton Cowan
Pick #19

Jacob Fowler
Pick #20

Oliver Moore
Pick #21

Oliver Bonk
Pick #22

Tom Willander
Pick #23

Calum Ritchie
Pick #24

Tanner Molendyk
Pick #25

Gavin Brindley
Pick #26

Nate Danielson
Pick #27

Pick #28

Pick #29

Pick #30

Pick #31

Pick #32

Pick #33

Pick #34

Pick #35

Pick #36

Pick #37

Pick #38

Pick #39

Pick #40

Pick #41

Pick #42

Pick #43

Pick #44

Pick #45

Pick #46

Pick #47

Pick #48

Pick #49

Pick #50

Pick #51

Pick #52

Pick #53

Pick #54

Pick #55

Pick #56

Pick #57

Pick #58

Pick #59

Pick #60

Pick #61

Pick #62

Pick #63

Pick #64

Pick #65

Pick #66

Pick #67

Pick #68

Pick #69

Pick #70

Pick #71

Pick #72

Pick #73

Pick #74

Pick #75

Pick #76

Pick #77

Pick #78

Pick #79

Pick #80

Pick #81

Pick #82

Pick #83

Pick #84

Pick #85

Pick #86

Pick #87

Pick #88

Pick #89

Pick #90

Pick #91

Pick #92

Pick #93

Pick #94

Pick #95

Pick #96

Pick #97

Pick #98

Pick #99

Pick #100

Pick #101

Pick #102

Pick #103

Pick #104

Pick #105

Pick #106

Pick #107

Pick #108

Pick #109

Pick #110

Pick #111

Pick #112

Pick #113

Pick #114

Pick #115

Pick #116

Pick #117

Pick #118

Pick #119

Pick #120

Pick #121

Pick #122

Pick #123

Pick #124

Pick #125

Pick #126

Pick #127

Pick #128

Pick #129

Pick #130

Full Scoreboard »»

Oilers vs Penguins

Created - March 27, 2024 at 13:28

Goals
1 2 3 T
Oilers 2 0 0 2
Penguins 1 2 0 3
Shots
1 2 3 T
Oilers 12 4 2 18
Penguins 9 12 14 35

GoalsPenalties
1st period
1. Oilers , Dylan Strome 15 (Jamie Drysdale 42, Brandon Hagel 39) at 4:10 (PP)
2. Penguins , Phil Kessel 6 (Rudolfs Balcers 5, Mathew Dumba 31) at 11:16
3. Oilers , Ryan Johansen 24 (Ondrej Palat 21, Cole Perfetti 15) at 18:28 (PP)
Josh Anderson (PIT) for Holding (Minor) at 0:37
Matt Roy (PIT) for Tripping (Minor) at 2:55
Jeff Petry (PIT) for Charging (Minor) at 18:06
2nd period
4. Penguins , Seth Jarvis 13 (Josh Anderson 14, Mathew Dumba 32) at 0:57 (PP)
5. Penguins , Devon Toews 14 (Nick Suzuki 35, Kevin Fiala 30) at 16:52
Ryan Pulock (EDM) for Hooking (Minor) at 0:27
Scott Mayfield (EDM) for Hooking (Minor) at 11:01
Kasperi Kapanen (EDM) for Roughing (Minor) at 19:53
3rd period
No Goal
Ryan Johansen (EDM) for Roughing (Minor) at 17:06
Goalie Stats
Arvid Soderblom (EDM), 32 saves from 35 shots - (0.914), L, 3-3-1, 59:31 minutes
Thatcher Demko (PIT), 16 saves from 18 shots - (0.889), W, 23-19-4, 60:00 minutes
3 StarsOfficial
1 - Devon Toews (PIT)
2 - Mathew Dumba (PIT)
3 - Phil Kessel (PIT)
Referees : Dan O'Rourke and Brett Roeland
Linesman : Steve Barton and Matt MacPherson
Game Note
Justin Faulk is injured at 19:53 of 2nd period (Sprained Left Ankle)
Finance
Level 1 -- Attendance: 6080 (93.54%) -- Ticket Income $729,600
Level 2 -- Attendance: 4478 (89.56%) -- Ticket Income $380,630
Level 3 -- Attendance: 3146 (89.89%) -- Ticket Income $204,490
Level 4 -- Attendance: 2387 (100.00%) -- Ticket Income $107,415
Luxury Box -- Attendance: 996 (99.60%) -- Ticket Income $224,100
Game was played at the Consol Energy Center.
Total Attendance: 17087 (92.93%)
Total Ticket Income: $1,646,235
Other Income: $411,559
Total Income: $2,057,794



Team Name Goals Shots Shots Attemp Shots Blocked PIM HIT PP PK FO%
Oilers 21844128182 / 3 (67%)163%
Penguins 3357786181 / 4 (25%)237%

Oilers
Player Name POS G A P +/- PIM HIT SHT SB MP PP MP PP SHT PK MP PK SHT FO% FOT
Alexander BarabanovLW0000011014:571:5100:000100% 1
Brandon HagelLW0110012117:181:4503:05044% 9
Brock BoeserRW0000000014:131:4500:000100% 2
Casey CizikasC000-1051111:460:0000:00070% 10
Cole PerfettiC011-1000014:281:5100:00050% 4
Dylan StromeC101-1004118:381:4523:22067% 12
Jakob SilfverbergRW000-1001114:510:0003:050100% 1
Jamie DrysdaleD011-1011318:111:3900:0000% 0
Josh BaileyRW0000001015:031:5700:0000% 0
Kasperi KapanenRW000-1201011:450:0000:0000% 1
Ondrej PalatLW011-1011014:281:5100:0000% 0
Paul StastnyC0000011014:060:0001:00142% 12
Robin SaloD000-1000116:400:0000:3700% 0
Ryan JohansenC1010212015:341:3922:22079% 19
Ryan PulockD0000211022:301:5702:1800% 0
Scott MayfieldD000-1240218:480:0002:4600% 0
Troy StecherD000-1021219:440:0004:0600% 0
Vladislav GavrikovD0000000020:290:0003:0700% 0
Penguins
Player Name POS G A P +/- PIM HIT SHT SB MP PP MP PP SHT PK MP PK SHT FO% FOT
Aliaksei ProtasC0001000114:160:0000:00025% 12
Cole CaufieldRW0001013017:182:4510:0000% 0
Devon ToewsD1011003223:543:3621:4000% 0
Henri JokiharjuD0000001117:540:3900:0000% 0
Jeff PetryD0001231121:483:1601:5600% 0
Josh AndersonRW0110264019:183:4200:0000% 0
Julien GauthierRW000000000:470:0000:0000% 0
Justin FaulkD0001001014:241:0111:4000% 0
Kevin FialaLW0111024024:112:4502:100100% 1
Logan O'ConnorRW000000105:310:0000:0000% 0
Mathew DumbaD0221002122:284:2201:5600% 0
Matt RoyD0000210118:430:0000:0000% 0
Nick SuzukiC0111026119:282:4522:10043% 23
Oskar LindblomLW0000003020:453:4201:2600% 1
Phil KesselRW1011001014:160:0000:0000% 0
Rem PitlickC000000005:310:0000:00020% 5
Rudolfs BalcersLW0111021015:040:0000:0000% 0
Seth JarvisC1010014020:453:4231:26038% 29



Play-by-Play

1st period


0:01 of 1st period - Ryan Johansen wins face-off versus Nick Suzuki in neutral zone.
0:32 of 1st period - Shot by Nick Suzuki.
0:32 of 1st period - Stopped by Arvid Soderblom without a rebound.
0:33 of 1st period - Seth Jarvis wins face-off versus Dylan Strome in Oilers zone.
0:37 of 1st period - Minor Penalty to Josh Anderson for Holding.
0:38 of 1st period - Cole Perfetti wins face-off versus Nick Suzuki in Penguins zone.
1:46 of 1st period - Shot by Ryan Johansen.
1:46 of 1st period - Stopped by Thatcher Demko without a rebound.
1:47 of 1st period - Dylan Strome wins face-off versus Seth Jarvis in Penguins zone.
1:56 of 1st period - Justin Faulk is hit by Brandon Hagel and loses puck.
2:55 of 1st period - Minor Penalty to Matt Roy for Tripping.
2:56 of 1st period - Nick Suzuki wins face-off versus Cole Perfetti in Penguins zone.
2:56 of 1st period - Nick Suzuki is hit by Alexander Barabanov.
3:50 of 1st period - Shot by Jamie Drysdale.
3:50 of 1st period - Shot Blocked by Mathew Dumba.
4:10 of 1st period - Shot by Jamie Drysdale.
4:10 of 1st period - Deflect By Dylan Strome.
4:10 of 1st period - Goal by Dylan Strome - Oilers : 1 - Penguins : 0.
4:11 of 1st period - Aliaksei Protas wins face-off versus Casey Cizikas in neutral zone.
4:34 of 1st period - Shot by Casey Cizikas.
4:34 of 1st period - Stopped by Thatcher Demko without a rebound.
4:35 of 1st period - Paul Stastny wins face-off versus Seth Jarvis in Penguins zone.
4:43 of 1st period - Icing by Seth Jarvis.
4:44 of 1st period - Dylan Strome wins face-off versus Oskar Lindblom in Penguins zone.
4:55 of 1st period - Vladislav Gavrikov is hit by Josh Anderson and loses puck.
5:01 of 1st period - Icing by Ryan Pulock.
5:02 of 1st period - Cole Perfetti wins face-off versus Aliaksei Protas in Oilers zone.
5:36 of 1st period - Off-side.
5:37 of 1st period - Paul Stastny wins face-off versus Seth Jarvis in neutral zone.
5:48 of 1st period - Shot by Josh Anderson.
5:48 of 1st period - Stopped by Arvid Soderblom without a rebound.
5:49 of 1st period - Ryan Johansen wins face-off versus Nick Suzuki in Oilers zone.
6:02 of 1st period - Shot by Brandon Hagel.
6:02 of 1st period - Shot Misses the Net.
6:04 of 1st period - Shot by Scott Mayfield.
6:04 of 1st period - Shot Misses the Net.
7:02 of 1st period - Josh Anderson is hit by Troy Stecher and loses puck.
7:13 of 1st period - Shot by Josh Anderson.
7:13 of 1st period - Deflect By Seth Jarvis.
7:13 of 1st period - Shot Blocked by Jamie Drysdale.
7:25 of 1st period - Shot by Jeff Petry.
7:25 of 1st period - Shot Misses the Net.
7:35 of 1st period - Shot by Josh Anderson.
7:35 of 1st period - Shot Blocked by Jamie Drysdale.
7:37 of 1st period - Shot by Oskar Lindblom.
7:37 of 1st period - Stopped by Arvid Soderblom without a rebound.
7:38 of 1st period - Jakob Silfverberg wins face-off versus Aliaksei Protas in Oilers zone.
7:38 of 1st period - Jakob Silfverberg is hit by Rudolfs Balcers.
9:35 of 1st period - Josh Anderson is hit by Scott Mayfield and loses puck.
9:42 of 1st period - Shot by Josh Anderson.
9:42 of 1st period - Shot Hit the Post.
9:46 of 1st period - Shot by Oskar Lindblom.
9:46 of 1st period - Stopped by Arvid Soderblom without a rebound.
9:47 of 1st period - Ryan Johansen wins face-off versus Nick Suzuki in Oilers zone.
10:36 of 1st period - Henri Jokiharju is hit by Ryan Johansen and loses puck.
10:56 of 1st period - Shot by Josh Bailey.
10:56 of 1st period - Stopped by Thatcher Demko without a rebound.
10:57 of 1st period - Aliaksei Protas wins face-off versus Cole Perfetti in Penguins zone.
11:04 of 1st period - Shot by Jeff Petry.
11:04 of 1st period - Shot Misses the Net.
11:16 of 1st period - Shot by Rudolfs Balcers.
11:16 of 1st period - Deflect By Phil Kessel.
11:16 of 1st period - Goal by Phil Kessel - Oilers : 1 - Penguins : 1.
11:17 of 1st period - Seth Jarvis wins face-off versus Paul Stastny in neutral zone.
11:34 of 1st period - Shot by Oskar Lindblom.
11:34 of 1st period - Shot Misses the Net.
11:59 of 1st period - Josh Anderson is hit by Ryan Pulock and loses puck.
12:48 of 1st period - Icing by Justin Faulk.
12:49 of 1st period - Casey Cizikas wins face-off versus Aliaksei Protas in Penguins zone.
12:58 of 1st period - Shot by Jamie Drysdale.
12:58 of 1st period - Stopped by Thatcher Demko without a rebound.
12:59 of 1st period - Kevin Fiala wins face-off versus Dylan Strome in Penguins zone.
13:18 of 1st period - Shot by Cole Caufield.
13:18 of 1st period - Stopped by Arvid Soderblom without a rebound.
13:19 of 1st period - Seth Jarvis wins face-off versus Casey Cizikas in Oilers zone.
13:28 of 1st period - Josh Anderson is hit by Casey Cizikas and loses puck.
13:51 of 1st period - Henri Jokiharju is hit by Casey Cizikas and loses puck.
14:06 of 1st period - Henri Jokiharju is hit by Casey Cizikas and loses puck.
14:59 of 1st period - Shot by Nick Suzuki.
14:59 of 1st period - Shot Misses the Net.
15:01 of 1st period - Shot by Mathew Dumba.
15:01 of 1st period - Stopped by Arvid Soderblom without a rebound.
15:02 of 1st period - Dylan Strome wins face-off versus Aliaksei Protas in Oilers zone.
15:18 of 1st period - Shot by Cole Perfetti.
15:18 of 1st period - Shot Hit the Post.
15:20 of 1st period - Shot by Dylan Strome.
15:20 of 1st period - Shot Misses the Net.
16:25 of 1st period - Shot by Kevin Fiala.
16:25 of 1st period - Stopped by Arvid Soderblom without a rebound.
16:26 of 1st period - Brandon Hagel wins face-off versus Seth Jarvis in Oilers zone.
16:26 of 1st period - Brandon Hagel is hit by Josh Anderson.
16:46 of 1st period - Shot by Matt Roy.
16:46 of 1st period - Shot Misses the Net.
16:48 of 1st period - Shot by Matt Roy.
16:48 of 1st period - Shot Blocked by Scott Mayfield.
16:50 of 1st period - Shot by Henri Jokiharju.
16:50 of 1st period - Deflect By Seth Jarvis.
16:50 of 1st period - Shot Misses the Net.
17:04 of 1st period - Shot by Seth Jarvis.
17:04 of 1st period - Stopped by Arvid Soderblom without a rebound.
17:05 of 1st period - Casey Cizikas wins face-off versus Nick Suzuki in Oilers zone.
17:16 of 1st period - Shot by Kasperi Kapanen.
17:16 of 1st period - Stopped by Thatcher Demko with a rebound.
17:31 of 1st period - Shot by Casey Cizikas.
17:31 of 1st period - Deflect By Jakob Silfverberg.
17:31 of 1st period - Shot Blocked by Jeff Petry.
18:06 of 1st period - Minor Penalty to Jeff Petry for Charging.
18:07 of 1st period - Seth Jarvis wins face-off versus Dylan Strome in Penguins zone.
18:20 of 1st period - Shot by Dylan Strome.
18:20 of 1st period - Stopped by Thatcher Demko without a rebound.
18:21 of 1st period - Alexander Barabanov wins face-off versus Nick Suzuki in Penguins zone.
18:28 of 1st period - Shot by Ryan Johansen.
18:28 of 1st period - Goal by Ryan Johansen - Oilers : 2 - Penguins : 1.
18:29 of 1st period - Seth Jarvis wins face-off versus Dylan Strome in neutral zone.
18:38 of 1st period - Shot by Josh Anderson.
18:38 of 1st period - Shot Misses the Net.
18:52 of 1st period - Shot by Ondrej Palat.
18:52 of 1st period - Shot Misses the Net.
18:54 of 1st period - Shot by Dylan Strome.
18:54 of 1st period - Shot Misses the Net.
19:02 of 1st period - Shot by Dylan Strome.
19:02 of 1st period - Stopped by Thatcher Demko without a rebound.
19:03 of 1st period - Paul Stastny wins face-off versus Aliaksei Protas in Penguins zone.
19:08 of 1st period - Shot by Jamie Drysdale.
19:08 of 1st period - Shot Misses the Net.
19:18 of 1st period - Shot by Paul Stastny.
19:18 of 1st period - Shot Blocked by Aliaksei Protas.
19:20 of 1st period - Shot by Paul Stastny.
19:20 of 1st period - Shot Misses the Net.
19:36 of 1st period - Shot by Alexander Barabanov.
19:36 of 1st period - Stopped by Thatcher Demko with a rebound.
19:38 of 1st period - Shot by Alexander Barabanov.
19:38 of 1st period - Shot Misses the Net.
19:40 of 1st period - Shot by Troy Stecher.
19:40 of 1st period - Stopped by Thatcher Demko without a rebound.
19:41 of 1st period - Ryan Johansen wins face-off versus Nick Suzuki in Penguins zone.
19:42 of 1st period - Shot by Brandon Hagel.
19:42 of 1st period - Stopped by Thatcher Demko without a rebound.
19:43 of 1st period - Nick Suzuki wins face-off versus Ryan Johansen in Penguins zone.
Goals for this period are 2 for Oilers vs 1 for Penguins.
Shots for this period are 12 for Oilers vs 9 for Penguins.

2nd period


0:01 of 2nd period - Casey Cizikas wins face-off versus Nick Suzuki in neutral zone.
0:10 of 2nd period - Shot by Jakob Silfverberg.
0:10 of 2nd period - Stopped by Thatcher Demko with a rebound.
0:27 of 2nd period - Minor Penalty to Ryan Pulock for Hooking.
0:28 of 2nd period - Ryan Johansen wins face-off versus Seth Jarvis in Oilers zone.
0:42 of 2nd period - Icing by Mathew Dumba.
0:43 of 2nd period - Seth Jarvis wins face-off versus Ryan Johansen in Penguins zone.
0:53 of 2nd period - Shot by Seth Jarvis.
0:53 of 2nd period - Shot Blocked by Scott Mayfield.
0:55 of 2nd period - Shot by Mathew Dumba.
0:55 of 2nd period - Shot Blocked by Dylan Strome.
0:57 of 2nd period - Shot by Josh Anderson.
0:57 of 2nd period - Deflect By Seth Jarvis.
0:57 of 2nd period - Goal by Seth Jarvis - Oilers : 2 - Penguins : 2.
0:58 of 2nd period - Nick Suzuki wins face-off versus Paul Stastny in neutral zone.
1:13 of 2nd period - Shot by Nick Suzuki.
1:13 of 2nd period - Shot Misses the Net.
1:24 of 2nd period - Icing by Vladislav Gavrikov.
1:25 of 2nd period - Seth Jarvis wins face-off versus Paul Stastny in Oilers zone.
1:50 of 2nd period - Shot by Josh Anderson.
1:50 of 2nd period - Stopped by Arvid Soderblom without a rebound.
1:51 of 2nd period - Ryan Johansen wins face-off versus Rem Pitlick in Oilers zone.
1:51 of 2nd period - Ryan Johansen is hit by Kevin Fiala.
2:26 of 2nd period - Logan O'Connor is hit by Jamie Drysdale and loses puck.
2:44 of 2nd period - Brandon Hagel is hit by Jeff Petry and loses puck.
2:51 of 2nd period - Jamie Drysdale is hit by Seth Jarvis.
2:57 of 2nd period - Shot by Josh Anderson.
2:57 of 2nd period - Shot Misses the Net.
2:59 of 2nd period - Shot by Josh Anderson.
2:59 of 2nd period - Shot Misses the Net.
3:17 of 2nd period - Shot by Mathew Dumba.
3:17 of 2nd period - Shot Misses the Net.
3:19 of 2nd period - Shot by Mathew Dumba.
3:19 of 2nd period - Stopped by Arvid Soderblom without a rebound.
3:20 of 2nd period - Dylan Strome wins face-off versus Aliaksei Protas in Oilers zone.
3:25 of 2nd period - Shot by Ondrej Palat.
3:25 of 2nd period - Shot Misses the Net.
3:27 of 2nd period - Shot by Robin Salo.
3:27 of 2nd period - Shot Misses the Net.
3:29 of 2nd period - Shot by Scott Mayfield.
3:29 of 2nd period - Shot Misses the Net.
3:43 of 2nd period - Phil Kessel is hit by Ondrej Palat and loses puck.
4:28 of 2nd period - Shot by Nick Suzuki.
4:28 of 2nd period - Stopped by Arvid Soderblom without a rebound.
4:29 of 2nd period - Paul Stastny wins face-off versus Seth Jarvis in Oilers zone.
5:13 of 2nd period - Shot by Josh Anderson.
5:13 of 2nd period - Stopped by Arvid Soderblom without a rebound.
5:14 of 2nd period - Nick Suzuki wins face-off versus Casey Cizikas in Oilers zone.
5:23 of 2nd period - Shot by Nick Suzuki.
5:23 of 2nd period - Shot Blocked by Casey Cizikas.
5:58 of 2nd period - Casey Cizikas is hit by Nick Suzuki and loses puck.
6:25 of 2nd period - Icing by Rudolfs Balcers.
6:26 of 2nd period - Dylan Strome wins face-off versus Aliaksei Protas in Penguins zone.
9:13 of 2nd period - Shot by Kevin Fiala.
9:13 of 2nd period - Stopped by Arvid Soderblom without a rebound.
9:14 of 2nd period - Dylan Strome wins face-off versus Rem Pitlick in Oilers zone.
10:40 of 2nd period - Icing by Ryan Pulock.
10:41 of 2nd period - Casey Cizikas wins face-off versus Seth Jarvis in Oilers zone.
10:56 of 2nd period - Off-side.
10:57 of 2nd period - Seth Jarvis wins face-off versus Ryan Johansen in neutral zone.
11:01 of 2nd period - Minor Penalty to Scott Mayfield for Hooking.
11:02 of 2nd period - Ryan Johansen wins face-off versus Nick Suzuki in Oilers zone.
11:20 of 2nd period - Icing by Devon Toews.
11:21 of 2nd period - Nick Suzuki wins face-off versus Brandon Hagel in Penguins zone.
11:44 of 2nd period - Shot by Justin Faulk.
11:44 of 2nd period - Stopped by Arvid Soderblom with a rebound.
11:46 of 2nd period - Shot by Devon Toews.
11:46 of 2nd period - Stopped by Arvid Soderblom with a rebound.
11:50 of 2nd period - Shot by Nick Suzuki.
11:50 of 2nd period - Stopped by Arvid Soderblom without a rebound.
11:51 of 2nd period - Ryan Johansen wins face-off versus Seth Jarvis in Oilers zone.
12:05 of 2nd period - Off-side.
12:06 of 2nd period - Seth Jarvis wins face-off versus Brandon Hagel in neutral zone.
12:20 of 2nd period - Shot by Mathew Dumba.
12:20 of 2nd period - Shot Misses the Net.
13:15 of 2nd period - Shot by Alexander Barabanov.
13:15 of 2nd period - Shot Misses the Net.
14:37 of 2nd period - Shot by Ondrej Palat.
14:37 of 2nd period - Stopped by Thatcher Demko with a rebound.
14:39 of 2nd period - Shot by Dylan Strome.
14:39 of 2nd period - Stopped by Thatcher Demko without a rebound.
14:40 of 2nd period - Brock Boeser wins face-off versus Seth Jarvis in Penguins zone.
16:07 of 2nd period - Shot by Phil Kessel.
16:07 of 2nd period - Shot Misses the Net.
16:14 of 2nd period - Icing by Jamie Drysdale.
16:15 of 2nd period - Casey Cizikas wins face-off versus Nick Suzuki in Oilers zone.
16:30 of 2nd period - Shot by Kevin Fiala.
16:30 of 2nd period - Shot Blocked by Jakob Silfverberg.
16:32 of 2nd period - Shot by Cole Caufield.
16:32 of 2nd period - Shot Blocked by Jamie Drysdale.
16:34 of 2nd period - Shot by Cole Caufield.
16:34 of 2nd period - Shot Misses the Net.
16:50 of 2nd period - Shot by Nick Suzuki.
16:50 of 2nd period - Shot Misses the Net.
16:52 of 2nd period - Shot by Devon Toews.
16:52 of 2nd period - Goal by Devon Toews - Oilers : 2 - Penguins : 3.
16:53 of 2nd period - Dylan Strome wins face-off versus Aliaksei Protas in neutral zone.
17:53 of 2nd period - Scott Mayfield is hit by Jeff Petry and loses puck.
18:30 of 2nd period - Shot by Josh Anderson.
18:30 of 2nd period - Stopped by Arvid Soderblom with a rebound.
18:32 of 2nd period - Shot by Jeff Petry.
18:32 of 2nd period - Stopped by Arvid Soderblom without a rebound.
18:33 of 2nd period - Nick Suzuki wins face-off versus Ryan Johansen in Oilers zone.
18:46 of 2nd period - Shot by Ryan Johansen.
18:46 of 2nd period - Shot Misses the Net.
18:48 of 2nd period - Shot by Jamie Drysdale.
18:48 of 2nd period - Shot Blocked by Devon Toews.
18:50 of 2nd period - Shot by Brock Boeser.
18:50 of 2nd period - Deflect By Brandon Hagel.
18:50 of 2nd period - Stopped by Thatcher Demko without a rebound.
18:51 of 2nd period - Casey Cizikas wins face-off versus Rem Pitlick in Penguins zone.
18:59 of 2nd period - Henri Jokiharju is hit by Casey Cizikas and loses puck.
19:20 of 2nd period - Kasperi Kapanen is hit by Matt Roy and loses puck.
19:43 of 2nd period - Casey Cizikas is hit by Josh Anderson and loses puck.
19:47 of 2nd period - Ryan Pulock is hit by Josh Anderson and loses puck.
19:52 of 2nd period - Justin Faulk is hit by Casey Cizikas.
19:53 of 2nd period - Minor Penalty to Kasperi Kapanen for Roughing.
19:53 of 2nd period - Justin Faulk from Penguins is injured at 19:53 of 2nd period (Sprained Left Ankle).
19:54 of 2nd period - Ryan Johansen wins face-off versus Seth Jarvis in Oilers zone.
19:54 of 2nd period - Ryan Johansen is hit by Josh Anderson.
Goals for this period are 0 for Oilers vs 2 for Penguins.
Shots for this period are 4 for Oilers vs 12 for Penguins.

3rd period


0:01 of 3rd period - Brandon Hagel wins face-off versus Nick Suzuki in neutral zone.
0:14 of 3rd period - Scott Mayfield is hit by Nick Suzuki and loses puck.
0:41 of 3rd period - Shot by Kevin Fiala.
0:41 of 3rd period - Shot Misses the Net.
0:43 of 3rd period - Shot by Kevin Fiala.
0:43 of 3rd period - Shot Misses the Net.
0:45 of 3rd period - Shot by Nick Suzuki.
0:45 of 3rd period - Stopped by Arvid Soderblom without a rebound.
0:46 of 3rd period - Ryan Johansen wins face-off versus Seth Jarvis in Oilers zone.
0:57 of 3rd period - Shot by Seth Jarvis.
0:57 of 3rd period - Stopped by Arvid Soderblom without a rebound.
0:58 of 3rd period - Brandon Hagel wins face-off versus Seth Jarvis in Oilers zone.
1:21 of 3rd period - Shot by Mathew Dumba.
1:21 of 3rd period - Shot Misses the Net.
2:11 of 3rd period - Shot by Rudolfs Balcers.
2:11 of 3rd period - Shot Misses the Net.
2:25 of 3rd period - Shot by Rudolfs Balcers.
2:25 of 3rd period - Shot Blocked by Troy Stecher.
2:27 of 3rd period - Shot by Aliaksei Protas.
2:27 of 3rd period - Shot Blocked by Troy Stecher.
2:29 of 3rd period - Shot by Henri Jokiharju.
2:29 of 3rd period - Stopped by Arvid Soderblom with a rebound.
2:49 of 3rd period - Kevin Fiala is hit by Paul Stastny and loses puck.
3:10 of 3rd period - Shot by Nick Suzuki.
3:10 of 3rd period - Stopped by Arvid Soderblom with a rebound.
3:12 of 3rd period - Shot by Nick Suzuki.
3:12 of 3rd period - Shot Misses the Net.
3:40 of 3rd period - Shot by Oskar Lindblom.
3:40 of 3rd period - Stopped by Arvid Soderblom without a rebound.
3:41 of 3rd period - Brock Boeser wins face-off versus Seth Jarvis in Oilers zone.
4:59 of 3rd period - Ryan Pulock is hit by Josh Anderson and loses puck.
6:03 of 3rd period - Cole Caufield is hit by Scott Mayfield and loses puck.
6:20 of 3rd period - Phil Kessel is hit by Scott Mayfield and loses puck.
6:25 of 3rd period - Shot by Phil Kessel.
6:25 of 3rd period - Shot Misses the Net.
7:08 of 3rd period - Shot by Rem Pitlick.
7:08 of 3rd period - Shot Misses the Net.
7:16 of 3rd period - Shot by Kevin Fiala.
7:16 of 3rd period - Shot Hit the Post.
7:18 of 3rd period - Shot by Devon Toews.
7:18 of 3rd period - Shot Blocked by Robin Salo.
7:48 of 3rd period - Brandon Hagel is hit by Rudolfs Balcers and loses puck.
8:11 of 3rd period - Brandon Hagel is hit by Cole Caufield and loses puck.
8:29 of 3rd period - Icing by Matt Roy.
8:30 of 3rd period - Paul Stastny wins face-off versus Seth Jarvis in Penguins zone.
8:59 of 3rd period - Shot by Logan O'Connor.
8:59 of 3rd period - Stopped by Arvid Soderblom without a rebound.
9:00 of 3rd period - Rem Pitlick wins face-off versus Kasperi Kapanen in Oilers zone.
9:06 of 3rd period - Off-side.
9:07 of 3rd period - Casey Cizikas wins face-off versus Rem Pitlick in neutral zone.
10:01 of 3rd period - Shot by Seth Jarvis.
10:01 of 3rd period - Shot Misses the Net.
10:38 of 3rd period - Kasperi Kapanen is hit by Jeff Petry and loses puck.
10:59 of 3rd period - Shot by Rudolfs Balcers.
10:59 of 3rd period - Stopped by Arvid Soderblom without a rebound.
11:00 of 3rd period - Ryan Johansen wins face-off versus Nick Suzuki in Oilers zone.
11:00 of 3rd period - Brock Boeser is hit by Kevin Fiala and loses puck.
11:13 of 3rd period - Shot by Kevin Fiala.
11:13 of 3rd period - Stopped by Arvid Soderblom without a rebound.
11:14 of 3rd period - Aliaksei Protas wins face-off versus Paul Stastny in Oilers zone.
11:22 of 3rd period - Icing by Ryan Pulock.
11:23 of 3rd period - Nick Suzuki wins face-off versus Paul Stastny in Oilers zone.
11:34 of 3rd period - Shot by Alexander Barabanov.
11:34 of 3rd period - Shot Misses the Net.
11:36 of 3rd period - Shot by Vladislav Gavrikov.
11:36 of 3rd period - Shot Misses the Net.
11:38 of 3rd period - Shot by Paul Stastny.
11:38 of 3rd period - Shot Blocked by Henri Jokiharju.
11:40 of 3rd period - Shot by Josh Bailey.
11:40 of 3rd period - Shot Blocked by Matt Roy.
11:42 of 3rd period - Shot by Paul Stastny.
11:42 of 3rd period - Shot Misses the Net.
11:54 of 3rd period - Shot by Ryan Pulock.
11:54 of 3rd period - Stopped by Thatcher Demko without a rebound.
11:55 of 3rd period - Ryan Johansen wins face-off versus Seth Jarvis in Penguins zone.
13:02 of 3rd period - Off-side.
13:03 of 3rd period - Nick Suzuki wins face-off versus Paul Stastny in neutral zone.
13:14 of 3rd period - Shot by Nick Suzuki.
13:14 of 3rd period - Shot Misses the Net.
13:16 of 3rd period - Shot by Kevin Fiala.
13:16 of 3rd period - Stopped by Arvid Soderblom with a rebound.
13:44 of 3rd period - Shot by Nick Suzuki.
13:44 of 3rd period - Stopped by Arvid Soderblom with a rebound.
13:46 of 3rd period - Shot by Cole Caufield.
13:46 of 3rd period - Stopped by Arvid Soderblom with a rebound.
15:15 of 3rd period - Off-side.
15:16 of 3rd period - Ryan Johansen wins face-off versus Seth Jarvis in neutral zone.
15:18 of 3rd period - Off-side.
15:19 of 3rd period - Ryan Johansen wins face-off versus Seth Jarvis in neutral zone.
15:29 of 3rd period - Matt Roy is hit by Troy Stecher.
15:42 of 3rd period - Off-side.
15:43 of 3rd period - Dylan Strome wins face-off versus Aliaksei Protas in neutral zone.
16:49 of 3rd period - Icing by Matt Roy.
16:50 of 3rd period - Ryan Johansen wins face-off versus Nick Suzuki in Penguins zone.
17:01 of 3rd period - Shot by Ryan Johansen.
17:01 of 3rd period - Shot Blocked by Nick Suzuki.
17:06 of 3rd period - Minor Penalty to Ryan Johansen for Roughing.
17:07 of 3rd period - Seth Jarvis wins face-off versus Brandon Hagel in Oilers zone.
17:07 of 3rd period - Seth Jarvis is hit by Scott Mayfield.
17:15 of 3rd period - Shot by Seth Jarvis.
17:15 of 3rd period - Stopped by Arvid Soderblom without a rebound.
17:16 of 3rd period - Brandon Hagel wins face-off versus Seth Jarvis in Oilers zone.
18:14 of 3rd period - Shot by Scott Mayfield.
18:14 of 3rd period - Shot Blocked by Devon Toews.
18:16 of 3rd period - Shot by Paul Stastny.
18:16 of 3rd period - Stopped by Thatcher Demko without a rebound.
18:17 of 3rd period - Nick Suzuki wins face-off versus Paul Stastny in Penguins zone.
18:53 of 3rd period - Shot by Nick Suzuki.
18:53 of 3rd period - Shot Misses the Net.
18:55 of 3rd period - Shot by Cole Caufield.
18:55 of 3rd period - Stopped by Arvid Soderblom without a rebound.
18:56 of 3rd period - Seth Jarvis wins face-off versus Brandon Hagel in Oilers zone.
18:57 of 3rd period - Shot by Devon Toews.
18:57 of 3rd period - Stopped by Arvid Soderblom without a rebound.
18:58 of 3rd period - Nick Suzuki wins face-off versus Brandon Hagel in Oilers zone.
18:59 of 3rd period - Shot by Devon Toews.
18:59 of 3rd period - Shot Misses the Net.
19:01 of 3rd period - Shot by Nick Suzuki.
19:01 of 3rd period - Shot Blocked by Brandon Hagel.
19:03 of 3rd period - Shot by Devon Toews.
19:03 of 3rd period - Shot Misses the Net.
19:05 of 3rd period - Shot by Devon Toews.
19:05 of 3rd period - Shot Misses the Net.
19:31 of 3rd period - Oilers, Arvid Soderblom is pulled from the net.
19:35 of 3rd period - Shot by Brock Boeser.
19:35 of 3rd period - Shot Misses the Net.
Goals for this period are 0 for Oilers vs 0 for Penguins.
Shots for this period are 2 for Oilers vs 14 for Penguins.